 Dungeon Crawl Stone Soup version 0.30-a0-928-g7f6bbad527 (webtiles) character file.

Game seed: 5847400674085993639

2370 112233 the Thaumaturge (level 9, -1/49 HPs)
             Began as a Deep Elf Earth Elementalist on Mar 23, 2023.
             Was a Believer of Sif Muna.
             Slain by a killer bee (6 damage)
             ... on level 8 of the Dungeon.
             The game lasted 00:05:31 (7055 turns).

112233 the Thaumaturge (DEEE)                       Turns: 7055, Time: 00:05:32

Health: -1/49      AC:  4    Str:  5    XL:     9   Next: 21%
Magic:  9/26       EV: 14    Int: 25    God:    Sif Muna [**....]
Gold:   487        SH:  0    Dex: 15    Spells: 21/31 levels left

rFire   . . .      SeeInvis .    r - staff of earth
rCold   + . .      Faith    .    (no shield)
rNeg    + . .      Spirit   .    a - +0 robe
rPois   .          Reflect  .    w - +1 helmet
rElec   .          Rampage  .    (no cloak)
rCorr   .                        (no gloves)
Will    .....                    (no boots)
Stlth   ++                       (no amulet)
HPRegen 0.28/turn                e - ring of positive energy
MPRegen 0.20/turn                t - ring of protection from cold

@: no status effects
A: no striking features
a: Renounce Religion, Channel Magic


You were on level 8 of the Dungeon.
You worshipped Sif Muna.
Sif Muna was pleased with you.
You visited 1 branch of the dungeon, and saw 8 of its levels.

You collected 487 gold pieces.

Inventory:

Armour
 a - a +0 robe (worn)
 w - a +1 helmet (worn)
Magical Staves
 r - a staff of earth (weapon)
Jewellery
 e - a ring of positive energy (left hand)
 t - a ring of protection from cold (right hand)
 u - a ring of positive energy
 x - a ring of resist corrosion
Wands
 E - a wand of flame (15)
Scrolls
 c - a scroll of torment
 g - a scroll of blinking
 h - 2 scrolls of amnesia
 i - 2 scrolls of fog
 q - a scroll of noise {unknown}
 y - 3 scrolls of enchant weapon {unknown}
 z - 3 scrolls of identify
 A - a scroll of teleportation
 B - a scroll of brand weapon {unknown}
 C - a scroll of poison {unknown}
 D - a scroll of fear {unknown}
Potions
 b - 2 potions of magic
 d - a potion of attraction
 f - 3 potions of curing
 j - a potion of ambrosia {unknown}
 k - 3 potions of cancellation {unknown}
 l - 10 potions of might
 m - 2 potions of flight {unknown}
 n - a potion of invisibility {unknown}
 o - 3 potions of degeneration {unknown}
 p - a potion of haste {unknown}
 s - a potion of resistance {unknown}
 v - a potion of lignification {unknown}


   Skills:
 + Level 2.5 Fighting
 + Level 5.0 Dodging
 - Level 3.0 Stealth
 * Level 11.5 Spellcasting
 * Level 5.1 Conjurations
 - Level 1.7 Transmutations
 * Level 6.4 Earth Magic


You had 21 spell levels left.
You knew the following spells:

 Your Spells              Type           Power      Damage    Failure   Level
a - Sandblast             Erth           100%       2d20      1%          1
b - Stone Arrow           Conj/Erth      100%       3d13      1%          3
c - Passwall              Tmut/Erth      42%        N/A       1%          2
d - Petrify               Tmut/Erth      51%        N/A       8%          4

Your spell library contained the following spells:

 Spells                   Type           Power      Damage    Failure   Level
 Scorch                   Fire           28%        2d6       6%          2
 Ozocubu's Armour         Ice            14%        N/A       13%         3
 Flame Wave               Conj/Fire      27%        2d9       14%         4
 Summon Cactus Giant      Summ           7%         N/A       100%        6
 Ozocubu's Refrigeration  Ice            7%         4d9       100%        7


Dungeon Overview and Level Annotations

Branches:
Dungeon (8/15)             Temple (0/1) D:6
   Lair: D:8-11

Altars:
Dithmenos
Kikubaaqudgha
Makhleb
Sif Muna
Trog
Vehumet
Zin

Annotations:
D:3 1 runed translucent door, Crazy Yiuf
D:7 2 transporters, exclusion: downstairs, Gandelf's ghost, novice SpCj


Message History

Confirm with . or Enter, or press ? or * to list all spells.
Aiming: Stone Arrow (safe; 1% risk of failure)
Press: ? - help, Shift-Dir - straight line, f - killer bee
Aim: a killer bee (55% to hit)
You feel a surge of power!
The stone arrow hits the killer bee!
The killer bee is almost dead.
You feel sick. The killer bee stings you. The killer bee closely misses you.
The killer bee stings you. The killer bee closely misses you.
Unknown command.
Casting: Stone Arrow (safe; 1% risk of failure)
Confirm with . or Enter, or press ? or * to list all spells.
Aiming: Stone Arrow (safe; 1% risk of failure)
Press: ? - help, Shift-Dir - straight line, f/p - killer bee
Aim: a killer bee (almost dead, 55% to hit)
You feel a surge of power!
The stone arrow misses the killer bee.
You feel sick. The killer bee stings you.
You are more poisoned.
The killer bee poisons you!
The killer bee stings you but does no damage.
The killer bee barely misses you. The killer bee stings you!
* * * LOW HITPOINT WARNING * * *
Casting: Stone Arrow (safe; 1% risk of failure)
Confirm with . or Enter, or press ? or * to list all spells.
Aiming: Sandblast (safe; 1% risk of failure)
Press: ? - help, Shift-Dir - straight line, f/p - killer bee
Aim: a killer bee (almost dead, 70% to hit)
You feel a surge of power!
The blast of sand misses the killer bee.
You feel very sick. The killer bee stings you.
* * * LOW HITPOINT WARNING * * *
The killer bee barely misses you. The killer bee stings you.
* * * LOW HITPOINT WARNING * * *
The killer bee barely misses you.
The killer bee stings you but does no damage.
The killer bee completely misses you.
It was a potion of curing.
You feel better. The killer bee stings you.
* * * LOW HITPOINT WARNING * * *
The killer bee stings you.
You die...

#'####.....###'##........
#....#.....'....#........
#....#.....#....#........
#....#.....#....'........
#....#.....##'###........
#....#.....#....#........
#....#.....#....#........
#....+.....#....#........
#....#..@y.#....+........
#....###y###....#........
#.....[...#.....##+####..
#...<.)...'.....#.....###
#.........#.y...#.....#..
#....##'####....#.....#..
#....##...##....#.....#..
#....##.........#.....'..
#...............#.....#..


You could see 2 killer bees.

Vanquished Creatures
  A steam dragon (D:8)
  Menkaure (D:6)
  3 orc warriors (D:8)
  A sky beast (D:7)
  An ice beast (D:7)
  A black bear (D:7)
  2 ogres
  4 bullfrogs
  A kobold brigand (D:7)
  3 wights (D:8)
  3 killer bees (D:8)
  A howler monkey (D:6)
  A jelly (D:4)
  An orc priest (D:8)
  3 hounds
  2 sleepcaps
  2 gnoll boudas (D:7)
  Jessica (D:3)
  2 iguanas
  8 orc wizards
  5 gnolls (D:7)
  6 adders
  A shadow imp (D:5)
  2 white imps
  An adder zombie (D:2)
  A worm (D:2)
  14 orcs
  3 ball pythons (D:3)
  A bat skeleton (D:2)
  A bat zombie (D:2)
  5 endoplasms (D:2)
  7 goblins
  7 hobgoblins
  4 kobolds
  2 quokkas (D:2)
  4 bats
  A giant cockroach zombie (D:2)
  2 quokka skeletons (D:2)
  3 rats (D:2)
112 creatures vanquished.

Vanquished Creatures (others)
  11 plants (D:7)
11 creatures vanquished.

Grand Total: 123 creatures vanquished

Notes
Turn   | Place    | Note
-------+----------+-------------------------------------------
     0 | D:1      | 112233 the Deep Elf Earth Elementalist began the quest for
                  | the Orb.
     0 | D:1      | Reached XP level 1. HP: 10/10 MP: 6/6
    42 | D:1      | You fall into a shaft and drop 1 floor!
   291 | D:2      | Reached XP level 2. HP: 15/15 MP: 6/8
   577 | D:2      | Reached XP level 3. HP: 19/19 MP: 7/9
  1029 | D:3      | Reached skill level 4 in Spellcasting
  1136 | D:3      | Found a glowing silver altar of Zin.
  1228 | D:3      | Noticed Jessica
  1234 | D:3      | Killed Jessica
  1235 | D:3      | Reached skill level 5 in Spellcasting
  1235 | D:3      | Reached XP level 4. HP: 23/24 MP: 8/13
  1274 | D:3      | Found a shimmering blue altar of Sif Muna.
  1361 | D:3      | Became a worshipper of Sif Muna the Loreminder
  1547 | D:3      | Found a runed translucent door.
  1548 | D:3      | Noticed Crazy Yiuf
  1618 | D:3      | Found a shadowy altar of Dithmenos.
  2121 | D:4      | Learned a level 3 spell: Stone Arrow
  2124 | D:4      | Learned a level 2 spell: Passwall
  2831 | D:4      | Noticed an ogre
  2838 | D:4      | Killed an ogre
  2839 | D:4      | Reached skill level 7 in Spellcasting
  2839 | D:4      | Reached XP level 5. HP: 28/28 MP: 6/16
  3084 | D:5      | Entered Level 5 of the Dungeon
  3380 | D:5      | Found a bloodstained altar of Trog.
  3545 | D:5      | Noticed a yak
  3547 | D:5      | Noticed a yak
  3558 | D:5      | Reached XP level 6. HP: 32/32 MP: 14/18
  3558 | D:5      | Noticed a yak
  3558 | D:5      | Noticed a yak
  3748 | D:5      | Reached skill level 8 in Spellcasting
  3865 | D:6      | Noticed Menkaure
  3869 | D:6      | Killed Menkaure
  3869 | D:6      | Reached * piety under Sif Muna
  3870 | D:6      | Reached skill level 9 in Spellcasting
  3958 | D:6      | Reached XP level 7. HP: 34/36 MP: 18/22
  4410 | D:6      | Found a staircase to the Ecumenical Temple.
  4478 | D:6      | Reached skill level 1 in Conjurations
  4515 | D:7      | Reached skill level 10 in Spellcasting
  4544 | D:7      | Noticed Gandelf's ghost (novice SpCj)
  4546 | D:7      | Found a transporter.
  4547 | D:7      | Identified the +2 giant club of Cowardice {flame, *Noise
                  | +Blink rN+}
  4547 | D:7      | Identified the +1 giant spiked club of the Sugar Beet
                  | {pain, rF- Int+2 Dex+2 Stlth+}
  4547 | D:7      | Noticed a two-headed ogre
  4596 | D:8      | Reached skill level 1 in Fighting
  4798 | D:7      | Found a transporter.
  4802 | D:7      | Reached XP level 8. HP: 43/43 MP: 19/24
  4932 | D:7      | Found a burning altar of Makhleb.
  4960 | D:7      | Found an ancient bone altar of Kikubaaqudgha.
  4960 | D:7      | Found a radiant altar of Vehumet.
  4966 | D:7      | Reached skill level 5 in Earth Magic
  5630 | D:7      | Learned a level 4 spell: Petrify
  5873 | D:8      | Reached skill level 11 in Spellcasting
  5879 | D:8      | Reached ** piety under Sif Muna
  6631 | D:8      | Reached XP level 9. HP: 48/48 MP: 13/26
  6843 | D:8      | Reached skill level 5 in Conjurations
  7052 | D:8      | Reached skill level 5 in Dodging
  7054 | D:8      | HP: 2/49 [killer bee (3)]
  7055 | D:8      | Slain by a killer bee

Illustrated notes

Levels and vault maps discovered:
D:1:      dpeg_arrival_tiny_a, layout_rooms
D:2:      layout_basic, serial_undead, serial_undead_a, serial_undead_f,
          serial_undead_c, serial_undead_d
D:3:      layout_loops_ring, mainiacjoe_overflow_small_starburst,
          nicolae_dithmenos_through_a_glass_darkly, tgw_sif,
          uniq_crazy_yiuf_cottage
D:4:      layout_gridville
D:5:      layout_basic, trog_hazing_becter, cheibrodos_gnoll_hut
D:6:      layout_layer_cave, minmay_temple_entry_drinking_statues, uniq_menkaure
D:7:      layout_gridville, kennysheep_little_box,
          chequers_temple_overflow_statue_of_worship, gammafunk_ghost_smash,
          st_stairs_1, nicolae_grassy_gnolls
D:8:      layout_gridville

Skill      XL: |  1  2  3  4  5  6  7  8  9 |
---------------+----------------------------+-----
Stealth        | 3 |  3.0
Spellcasting   | 5 7 9 10 11 | 11.5
Dodging        | 3 4 5 |  5.0
Conjurations   | 2 4 5 |  5.1
Earth Magic    | 4 6 |  6.4
Fighting       | 1 2 |  2.5
Transmutations | |  1.7

Action                     |  1- 3 |  4- 6 |  7- 9 || total
---------------------------+-------+-------+-------++-------
  Melee: Unarmed           |     3 |       |       ||     3
   Cast: Sandblast         |    47 |    36 |    25 ||   108
         Stone Arrow       |       |    11 |    61 ||    72
    Use: Scroll            |       |     8 |     1 ||     9
         Potion            |       |     1 |     1 ||     2
 Armour: Robe              |     8 |     7 |     9 ||    24
  Dodge: Dodged            |    21 |    14 |    25 ||    60

Table legend: (Time is in decaauts)
 A = Elapsed time spent in this place.
 B = Non-inter-level travel time spent in this place.
 C = Inter-level travel time spent in this place.
 D = Time resting spent in this place.
 E = Time spent auto-exploring this place.
 F = Levels seen in this place.
 G = Mean time per level.
                   A        B        C        D        E       F      G
               +--------+--------+--------+--------+--------+-----+--------+
         Total |   7108 |   6814 |    294 |   1056 |   5067 |   8 |  888.5 |
       Dungeon |   7108 |   6814 |    294 |   1056 |   5067 |   8 |  888.5 |
               +--------+--------+--------+--------+--------+-----+--------+

Top non-repeatable levels by time:
     D:7: 1349 daAuts
     D:8: 1203 daAuts
     D:3: 1200 daAuts
     D:2: 999 daAuts
     D:4: 871 daAuts
     D:5: 789 daAuts
     D:6: 652 daAuts
     D:1: 42 daAuts
